Map: Orbital Shipyard

Players

ILLBdA

  • Race: Protoss Protoss
  • League: Diamond

김태푱 - Winner!

  • Race: Terran Terran
  • League: Diamond

VOD

Have the link to the VOD?

Description

Time

  • Played on: Dec. 14, 2015, 7:10 a.m.
  • Length: 15:08
Show
View Real Time Build Order
Export as new Build Order

ILLBdA Protoss 

Build Orders: Nexus First, Dark Templar Rush 

Get SALT Encoding   

  12  0:01  Probe (Chrono Boost)  
  13  0:12  Probe (Chrono Boost)  
  14  0:18  Pylon  
  14  0:22  Probe (Chrono Boost)  
  15  0:36  Probe (Chrono Boost)  
  16  0:47  Probe (Chrono Boost)  
  17  0:59  Nexus  
  17  1:08  Gateway  
  17  1:12  Probe (Chrono Boost)  
  17  1:17  Assimilator  
  18  1:23  Probe (Chrono Boost)  
  18  1:24  Assimilator  
  19  1:33  Probe (Chrono Boost)  
  20  1:44  Probe (Chrono Boost)  
  21  1:54  Probe (Chrono Boost)  
  21  1:55  Cybernetics Core  
  21  1:58  Pylon  
  22  2:05  Probe (Chrono Boost)  
  23  2:13  Probe (Chrono Boost)  
  23  2:15  Probe (Chrono Boost), Pylon  
  25  2:25  Probe (Chrono Boost)  
  25  2:26  Probe (Chrono Boost)  
  27  2:30  Pylon  
  27  2:34  Mothership Core (Chrono Boost)  
  27  2:35  Warp Gate  
  29  2:40  Adept (Chrono Boost)  
  29  2:43  Probe  
  32  2:53  Twilight Council  
  32  2:55  Probe (Chrono Boost)  
  32  2:57  Probe (Chrono Boost)  
  34  3:05  Stalker  
  36  3:06  Probe (Chrono Boost)  
  36  3:09  Probe (Chrono Boost)  
  38  3:13  Assimilator  
  38  3:22  Probe (Chrono Boost)  
  38  3:25  Robotics Facility  
  39  3:30  Probe (Chrono Boost)  
  40  3:36  Dark Shrine  
  40  3:40  Gateway  
  40  3:45  Stalker, Probe (Chrono Boost)  
  43  3:49  Pylon  
  43  3:59  Gateway  
  43  4:07  Gateway  
  43  4:10  Probe x2 (Chrono Boost)  
  43  4:14  Warp Prism (Chrono Boost)  
  47  4:19  Probe  
  47  4:22  Probe  
  49  4:24  Forge  
  49  4:33  Pylon  
  49  4:38  Pylon  
  49  4:48  Dark Templar x2  
  53  4:57  Probe  
  54  5:00  Observer (Chrono Boost)  
  54  5:02  Robotics Bay  
  54  5:04  Pylon  
  54  5:05  Probe  
  56  5:12  Dark Templar  
  58  5:14  Adept  
  58  5:16  Probe  
  62  5:21  Probe  
  62  5:25  Observer  
  62  5:28  Probe  
  64  5:39  Dark Templar  
  60  5:46  Probe  
  60  5:49  Gateway  
  61  5:51  Gateway  
  61  5:55  Dark Templar  
  61  5:56  Gateway  
  61  5:57  Probe, Gateway  
  61  5:58  Probe, Assimilator  
  61  6:01  Pylon  
  59  6:09  Probe  
  59  6:10  Probe  
  61  6:11  Disruptor  
  64  6:20  Zealot x2  
  64  6:21  Probe, Zealot  
  71  6:27  Protoss Ground Armor Level 1 (Chrono Boost)  
  71  6:29  Probe  
  72  6:33  Probe  
  73  6:42  Dark Templar  
  73  6:46  Probe  
  76  6:52  Zealot x2  
  80  6:58  Disruptor (Chrono Boost)  
  80  7:00  Zealot x2  
  80  7:01  Zealot x3  
  91  7:03  Probe  
  94  7:13  Gateway x2  
  94  7:16  Gateway  
  91  7:22  Probe  
  91  7:32  Disruptor, Charge  
  94  7:41  Stalker x2  
  94  7:44  Zealot x2  
  100  7:49  Pylon  
  102  7:51  Pylon  
  102  7:52  Pylon  
  102  8:02  Photon Cannon  
  102  8:05  Photon Cannon  
  102  8:08  Stalker  
  102  8:09  Nexus  
  104  8:16  Pylon  
  104  8:18  Zealot x2  
  102  8:23  Zealot x2  
  102  8:33  Zealot  
  102  8:34  Zealot x3  
  108  8:35  Protoss Ground Armor Level 2 (Chrono Boost)  
  108  8:37  Probe  
  111  8:42  Dark Templar  
  111  8:45  Dark Templar  
  111  8:47  Probe  
  104  9:01  Photon Cannon  
  104  9:05  Zealot x3  
  108  9:10  Probe (Chrono Boost)  
  108  9:12  Probe (Chrono Boost)  
  102  9:21  Probe (Chrono Boost)  
  102  9:24  Mothership Core (Chrono Boost), Probe (Chrono Boost)  
  106  9:27  Templar Archives  
  106  9:32  Probe (Chrono Boost)  
  106  9:36  Zealot  
  106  9:37  Zealot  
  102  9:57  Zealot x5  
  112  10:00  Probe x2 (Chrono Boost)  
  112  10:01  Probe (Chrono Boost)  
  115  10:08  High Templar x3  
  115  10:10  High Templar  
  115  10:12  Probe, Archon  
  115  10:14  Archon  
  124  10:15  Probe  
  124  10:21  Photon Cannon  
  125  10:25  Observer  
  125  10:27  High Templar  
  128  10:30  Zealot x2  
  128  10:32  Assimilator  
  132  10:37  High Templar, Assimilator  
  134  10:44  Zealot x3  
  138  10:52  Archon  
  138  10:53  Observer  
  129  11:06  Zealot x2, High Templar  
  129  11:07  Zealot x5  
  145  11:24  High Templar  
  145  11:25  Zealot x3  
  149  11:30  Psionic Storm  
  149  11:37  Protoss Ground Armor Level 3 (Chrono Boost)  
  149  11:39  Pylon  
  149  11:50  Pylon x2  
  149  11:55  Probe  
  149  11:57  Probe x2  
  149  11:58  High Templar  
  153  12:06  Probe, Pylon  
  154  12:09  Probe x2, High Templar  
  154  12:13  Zealot x2  
  154  12:14  Zealot  
  164  12:17  Observer  
  165  12:24  Zealot, High Templar  
  169  12:31  Zealot x2  
  169  12:35  High Templar  
  175  12:38  Zealot  
  175  12:44  Observer  
  178  12:45  Pylon  
  178  12:55  Pylon, High Templar  
  176  13:24  Zealot x4  
  176  13:25  Zealot x2  
  183  13:35  Pylon x2  
  183  13:36  Pylon  
  183  13:40  Pylon  
  183  13:41  Pylon  
  183  13:53  Probe, Warp Prism  
  186  13:56  Stalker x3  
  190  14:08  Zealot x5  
  200  14:16  Photon Cannon  
  200  14:17  Photon Cannon  
  122  15:00  Zealot x2  
  122  15:01  Zealot x4  
  122  15:02  Zealot x5  
Show
View Real Time Build Order
Export as new Build Order

김태푱 Terran - Winner!

Build Orders: Command Center First (CC), MMM Bio 

Get SALT Encoding   

  12  0:01  SCV  
  13  0:13  SCV  
  14  0:17  Supply Depot  
  14  0:25  SCV  
  15  0:39  SCV  
  16  0:51  SCV  
  17  1:01  Command Center  
  18  1:04  SCV  
  18  1:14  Barracks  
  18  1:18  SCV  
  19  1:24  Refinery  
  19  1:30  SCV  
  20  1:37  Barracks  
  20  1:42  SCV  
  21  1:52  Barracks  
  21  2:01  Orbital Command  
  21  2:06  Marine  
  22  2:15  Orbital Command  
  22  2:25  Marine  
  22  2:27  SCV  
  22  2:28  Marine  
  25  2:39  SCV  
  25  2:42  SCV  
  25  2:43  Marine  
  28  2:45  Marine  
  28  2:47  Supply Depot  
  28  2:49  Marine  
  30  2:53  SCV  
  30  2:54  SCV, Refinery  
  32  3:01  Marine  
  32  3:04  Supply Depot  
  32  3:05  SCV  
  34  3:06  SCV, Barracks Tech Lab  
  35  3:14  Bunker  
  35  3:17  SCV  
  35  3:18  SCV  
  37  3:22  Factory  
  37  3:26  Stimpack, Marine  
  38  3:29  SCV  
  38  3:31  SCV  
  40  3:36  Barracks Reactor, Marine  
  41  3:43  SCV, Refinery  
  41  3:44  Marine  
  43  3:51  SCV  
  43  3:54  Marine  
  43  3:55  SCV  
  46  3:59  Barracks x2  
  46  4:03  SCV, Supply Depot  
  46  4:05  Barracks Tech Lab  
  46  4:08  Starport  
  46  4:09  Widow Mine  
  47  4:11  SCV  
  47  4:16  Marine x2  
  52  4:19  SCV  
  52  4:23  SCV  
  54  4:25  Supply Depot, Combat Shields  
  54  4:27  Marine  
  54  4:30  Refinery  
  55  4:35  SCV  
  55  4:37  Marauder  
  55  4:38  Widow Mine  
  60  4:47  SCV  
  60  4:49  Medivac  
  60  4:52  Supply Depot  
  63  4:54  SCV  
  63  4:55  Barracks Tech Lab  
  63  4:56  Barracks Reactor  
  63  4:57  Marauder  
  66  5:00  Marine  
  66  5:05  SCV  
  66  5:07  Supply Depot, Widow Mine  
  68  5:11  Supply Depot  
  70  5:18  Engineering Bay  
  70  5:19  Marine  
  70  5:20  Concussive Shells, Marauder  
  73  5:23  Starport Reactor  
  73  5:25  SCV  
  74  5:35  Widow Mine  
  64  5:47  Missile Turret  
  64  5:54  Missile Turret  
  64  6:00  Medivac  
  64  6:04  Missile Turret  
  64  6:16  Missile Turret  
  66  6:19  Missile Turret  
  66  6:24  Marauder x2, Marine x3  
  73  6:25  SCV  
  73  6:26  SCV  
  75  6:35  Medivac  
  75  6:36  Bunker  
  75  6:37  Factory Reactor  
  75  6:39  Marauder, Marine  
  78  6:42  SCV  
  78  6:44  SCV  
  78  6:45  Marauder  
  82  6:49  Terran Infantry Weapons Level 1  
  82  6:54  SCV  
  82  6:56  SCV  
  82  7:01  Medivac  
  86  7:05  Medivac  
  86  7:08  SCV  
  85  7:17  Marine x2  
  85  7:18  Marauder, Widow Mine x2  
  85  7:20  SCV  
  94  7:40  SCV  
  94  7:48  SCV, Marine x3  
  94  7:49  Marauder x2  
  94  7:51  Supply Depot  
  102  8:03  SCV x2, Marauder, Medivac x2  
  110  8:12  Marauder x2, Marine  
  115  8:15  SCV x2  
  113  8:24  Marine x3  
  113  8:25  Marauder  
  118  8:31  Supply Depot  
  118  8:42  SCV x2  
  118  8:44  Medivac  
  118  8:45  Medivac  
  118  8:52  Marine x3  
  118  8:53  Terran Infantry Armor Level 1, Marauder x3  
  118  8:54  SCV  
  125  8:58  Widow Mine x2  
  129  9:09  Supply Depot  
  130  9:12  Missile Turret  
  130  9:14  Marauder  
  131  9:25  Marauder, Marine  
  131  9:30  Command Center, Marauder, Marine x2  
  134  9:40  Marine  
  134  9:41  Marauder  
  126  9:46  Marauder  
  126  9:52  Marauder  
  126  9:59  Marine  
  125  10:02  Marauder  
  125  10:03  Missile Turret  
  127  10:08  Marine x3, Marauder  
  127  10:13  Marauder  
  134  10:16  Armory  
  134  10:20  Widow Mine, Medivac  
  138  10:24  Marauder  
  140  10:31  Engineering Bay  
  140  10:36  Marauder x2, Marine x2  
  118  11:05  Marauder x2, Marine x4  
  118  11:06  Medivac x2  
  118  11:08  Terran Infantry Weapons Level 2  
  117  11:15  Refinery  
  115  11:20  Widow Mine x2  
  115  11:24  Marine x2  
  115  11:25  Marauder  
  117  11:30  Orbital Command  
  117  11:39  Supply Depot, Marauder x2  
  121  11:43  SCV  
  122  11:48  Marine  
  122  11:49  Marine x2, Marauder  
  122  11:50  SCV  
  122  11:53  Terran Infantry Armor Level 2  
  128  12:07  Barracks  
  128  12:10  Widow Mine, Barracks, Medivac x2  
  128  12:12  SCV x2  
  136  12:17  Starport  
  136  12:28  Marauder x2, Marine x3  
  136  12:29  Marine  
  143  12:33  SCV  
  143  12:34  SCV, Liberator  
  146  12:38  Supply Depot  
  146  12:40  Medivac  
  146  12:42  Widow Mine x2  
  152  12:52  Liberator  
  153  13:10  Widow Mine  
  153  13:11  Marine  
  153  13:12  Marauder x2, Starport Tech Lab, Marine  
  151  13:21  Marine  
  151  13:22  Marauder, Widow Mine, Marine x2  
  151  13:23  SCV  
  151  13:24  SCV  
  151  13:26  Liberator  
  153  13:30  Barracks Tech Lab  
  153  13:33  Marauder  
  153  13:35  Liberator  
  153  13:39  Starport Reactor, Widow Mine  
  155  13:43  Refinery  
  158  13:51  Marauder x2, Marine  
  161  14:05  Barracks Reactor  
  161  14:06  Widow Mine  
  161  14:07  Widow Mine  
  157  14:16  Orbital Command  
  157  14:18  Sensor Tower  
  157  14:22  Marauder x2  
  167  14:36  Marauder x2  
Tags
 
Add a new tag
Caveats
  • Supply blocks, unpowered buildings, or Contaminate may cause inaccurate times.
  • Supply counts are checked every 10 seconds.